 Dungeon Sprint DCSS version 0.32-a0-791-gfc315c9ecd (webtiles) character file.

Game seed: 17037521365874985243

269338 wilfster70 the Unseen (level 12, 53/73 HPs)
             Began as a Spriggan Enchanter on Mar 20, 2024.
             Was the Champion of Dithmenos.
             Escaped with the Orb!
             The game lasted 00:09:33 (1461 turns).

wilfster70 the Unseen (Spriggan Enchanter)          Turns: 1461, Time: 00:09:33

Health: 53/73      AC:  3    Str:  4    XL:     12   Next: 0%
Magic:  23/23      EV: 34    Int: 20    God:    Dithmenos [******]
Gold:   1303       SH:  0    Dex: 21    Spells: 18/23 levels left

rFire   . . .        a - +2 dagger (venom)
rCold   . . .        (no shield)
rNeg    . . .        l - +1 robe of the Stopping Gods {Dex+4}
rPois   .            (helmet restricted)
rElec   .            (no cloak)
rCorr   .            (gloves unavailable)
SInv    +            (boots unavailable)
Will    ++...        (no amulet)
Stlth   +++++        (no ring)
HPRegen 0.32/turn    (no ring)
MPRegen 0.18/turn

%: no teleportation
@: wreathed by umbra, very quick
A: very small, no large weapons, unfitting armour, see invisible, speed 3
0: Orb of Zot
a: Renounce Religion, Shadow Step, Shadow Form


You escaped.
You worshipped Dithmenos.
Dithmenos was exalted by your worship.
You visited 1 branch You collected 1619 gold pieces.
You spent 316 gold pieces at shops.

Inventory:

Hand Weapons
 a - a +2 dagger of venom (weapon)
Missiles
 k - 4 curare-tipped darts (quivered)
Armour
 l - the +1 robe of the Stopping Gods (worn) {Dex+4}
   (You bought it in a shop in the Dungeon)

   Dex+4:     It affects your dexterity (+4).
Jewellery
 o - the ring of Fangos {rC+ Str+3 Int+6 Stlth-}
   (You found it in the Dungeon)

   [ring of intelligence]

   Str+3:     It affects your strength (+3).
   Int+6:     It affects your intelligence (+6).
   rC+:       It protects you from cold.
   Stlth-:    It makes you less stealthy.
Wands
 b - a wand of flame (26)
 d - a wand of iceblast (10)
 q - a wand of mindburst (5)
Scrolls
 j - a scroll of enchant armour {unknown}
 m - a scroll of enchant weapon {unknown}
 n - 2 scrolls of identify {unknown}
 r - a scroll of torment {unknown}
Potions
 c - 2 potions of invisibility
 e - 2 potions of curing
 f - a potion of haste
 g - 2 potions of magic
 h - 2 potions of might {unknown}
 p - a potion of heal wounds


   Skills:
 + Level 13.0 Fighting
 - Level 10.0 Short Blades
 + Level 19.4 Dodging
 + Level 20.8 Stealth
 - Level 6.0 Spellcasting
 - Level 8.0 Hexes
 + Level 13.7 Invocations


You had 18 spell levels left.
You knew the following spells:

 Your Spells              Type           Power      Damage    Failure   Level
a - Ensorcelled Hibernat  Hex/Ice        44%        N/A       3%          2
b - Confusing Touch       Hex            38%        N/A       1%          3

Your spell library contained the following spells:

 Spells                   Type           Power      Damage    Failure   Level
 Tukima's Dance           Hex            38%        N/A       1%          3
 Dazzling Flash           Conj/Hex       44%        N/A       6%          3


Dungeon Overview and Level Annotations

Branches:
Dungeon (1/1)

Altars:
Cheibriados
Dithmenos
Elyvilon
Fedhas
Gozag
Hepliaklqana
Kikubaaqudgha
Makhleb
Nemelex Xobeh
Okawaru
Qazlal
Ru
Sif Muna
Trog
Uskayaw
Vehumet
Wu Jian
Xom
Yredelemnul
Zin
The Shining One
Jiyva
Lugonu

Shops:
D !(*?[:*?[!=*?*[*

Annotations:
D Tiamat


Innate Abilities, Weirdness & Mutations

You are very small and have problems with some larger weapons.
You are too small for most types of armour.
You have supernaturally acute eyesight. (SInv)
You cover ground extremely quickly. (Speed+++)


Message History

You now have 1303 gold pieces (gained 27).
You see here 27 gold pieces.
Blink to where?
Press: ? - help, Dir - move target
As you read the scroll of blinking, it crumbles to dust.
You pick up the Orb of Zot!
The Orb lets out an ear-shattering shriek!
The lords of Pandemonium are not amused.
Beware!
Now all you have to do is get back out of the dungeon!
Something screams, "I shall feast on thy neck!"
Blink to where?
Press: ? - help, Dir - move target
As you read the scroll of blinking, it crumbles to dust.
You see here a +2 great sword of flaming.
There is an open door here.
The daeva calls down the wrath of the Shining One upon you.
The Shining One smites you!
You emit a cloud of dark smoke.
A red devil comes into view.
It is wielding a +1 vampiric demon trident.
The daeva calls down the wrath of the Shining One upon you.
The Shining One smites you!
You emit a cloud of dark smoke.
There is an open door here.
There is an open door, spattered with blood here.
Items here: ÷ †††.
You see here a hog corpse.
There is an open door here.
There is an open door here.
There is an open door here.
You see here a +0 mace.
There is an open door here.
There is an open door here.
There is an open door here.
Things that are here:
a +0 scythe of protection; a +0 robe; the human skeleton of Sigmund
There is an open door here.
Things that are here:
a +0 giant club; an ogre skeleton
There is an open door here.
There is an open door here.
There is a staircase leading out of the dungeon here.
You have escaped!

##################
#@.#).').#.)'..#__
#..'..#..'..#..'..
#..#####'#####'#__
#..####..#...#[###
#..#__####..##.#§~
#..#_____##'#_.'~~
#⌠⌠#_.∩..÷'..._#§~
####_..__##_.#'##'
#_____###'#.#§.


There were no monsters in sight!

Vanquished Creatures
  4 fire giants (D)
  2 centaur warriors (D)
  4 demonic crawlers (D)
  Sonja (D)
  A lindwurm (D)
  A deep troll (D)
  An oklob plant (D)
  7 unseen horrors (D)
  A gargoyle (D)
  2 kobold demonologists (D)
  A hornet (D)
  A slime creature (D)
  2 glass eyes (D)
  Sigmund (D)
  A yak (D)
  13 hogs (D)
  2 redbacks (D)
  An ogre (D)
  7 wights (D)
  8 jellies (D)
  Ijyb (D)
62 creatures vanquished.

Notes
Turn   | Place    | Note
-------+----------+-------------------------------------------
     0 | D        | wilfster70 the Spriggan Enchanter began the quest for the
                  | Orb.
     0 | D        | Reached XP level 1. HP: 9/9 MP: 5/5
     1 | D        | Noticed Ijyb
    16 | D        | Killed Ijyb
    17 | D        | Reached skill level 1 in Fighting
    17 | D        | Reached skill level 5 in Hexes
    17 | D        | Reached XP level 2. HP: 4/14 MP: 5/7
    63 | D        | Learned a level 2 spell: Ensorcelled Hibernation
    64 | D        | Noticed an ogre
    67 | D        | Killed an ogre
    68 | D        | Reached skill level 5 in Dodging
    68 | D        | Reached skill level 5 in Spellcasting
    68 | D        | Reached XP level 3. HP: 19/19 MP: 5/10
    68 | D        | Reached XP level 4. HP: 23/23 MP: 6/12
   222 | D        | Noticed Sigmund
   227 | D        | Killed Sigmund
   228 | D        | Reached XP level 5. HP: 27/30 MP: 8/14
   280 | D        | Found a shimmering blue altar of Sif Muna.
   281 | D        | Found an ornate altar of the Wu Jian Council.
   282 | D        | Found a radiant altar of Vehumet.
   282 | D        | Identified the +0 pair of gloves of Lucidity {Int+2 Dex+3}
   288 | D        | Reached XP level 6. HP: 34/34 MP: 13/16
   317 | D        | Found Huote's Distillery.
   317 | D        | Found an ancient bone altar of Kikubaaqudgha.
   317 | D        | Found a hazy altar of Hepliaklqana.
   317 | D        | Found a hide-covered altar of Uskayaw.
   317 | D        | Found a basalt altar of Yredelemnul.
   317 | D        | Found an opulent altar of Gozag.
   317 | D        | Found a snail-covered altar of Cheibriados.
   317 | D        | Found a sacrificial altar of Ru.
   317 | D        | Found a shadowy altar of Dithmenos.
   317 | D        | Noticed a yak
   318 | D        | Found a stormy altar of Qazlal.
   318 | D        | Found a blossoming altar of Fedhas.
   318 | D        | Found a bloodstained altar of Trog.
   318 | D        | Found an iron altar of Okawaru.
   318 | D        | Found a glowing golden altar of the Shining One.
   318 | D        | Found a glowing silver altar of Zin.
   318 | D        | Found a white marble altar of Elyvilon.
   319 | D        | Killed a yak
   320 | D        | Reached skill level 5 in Fighting
   320 | D        | Found a sparkling altar of Nemelex Xobeh.
   326 | D        | Became a worshipper of Dithmenos the Shadowed
   335 | D        | Noticed Sonja
   340 | D        | Killed Sonja
   341 | D        | Reached skill level 10 in Dodging
   341 | D        | Reached skill level 8 in Stealth
   341 | D        | Reached XP level 7. HP: 41/41 MP: 14/17
   357 | D        | Noticed a deep troll
   361 | D        | Killed a deep troll
   362 | D        | Reached skill level 10 in Short Blades
   362 | D        | Reached skill level 10 in Stealth
   362 | D        | Reached skill level 5 in Invocations
   362 | D        | Reached XP level 8. HP: 47/47 MP: 16/18
   373 | D        | Found Unaapna's Armour Emporium.
   379 | D        | Bought the +1 robe of the Stopping Gods {Dex+4} for 211
                  | gold pieces
   406 | D        | Noticed a centaur warrior
   407 | D        | Noticed a centaur warrior
   419 | D        | Killed a centaur warrior
   419 | D        | Reached * piety under Dithmenos
   420 | D        | Reached skill level 11 in Stealth
   420 | D        | Reached XP level 9. HP: 11/52 MP: 16/19
   424 | D        | Killed a centaur warrior
   425 | D        | Reached skill level 12 in Stealth
   602 | D        | Reached skill level 13 in Stealth
   611 | D        | Noticed an oklob plant
   613 | D        | Killed an oklob plant
   613 | D        | Reached ** piety under Dithmenos
   624 | D        | Reached skill level 14 in Stealth
   649 | D        | Noticed an unseen horror
   650 | D        | Noticed an unseen horror
   654 | D        | Killed an unseen horror
   654 | D        | Reached *** piety under Dithmenos
   655 | D        | Reached XP level 10. HP: 59/59 MP: 17/20
   661 | D        | Reached skill level 10 in Fighting
   661 | D        | Reached skill level 15 in Dodging
   661 | D        | Reached skill level 15 in Stealth
   684 | D        | Reached **** piety under Dithmenos
   696 | D        | Learned a level 3 spell: Confusing Touch
   781 | D        | Found Onezo's Assorted Antiques.
   834 | D        | Reached ***** piety under Dithmenos
   836 | D        | Found Aneiru's Magic Scroll Boutique.
   958 | D        | Identified the ring of Fangos {rC+ Str+3 Int+6 Stlth-}
   990 | D        | Found Reoh's Weapon Shop.
   992 | D        | Found Dahuogh's Antique Armour Emporium.
   992 | D        | Found Wubuar's Book Shop.
   992 | D        | Found Puadecs's General Store.
   992 | D        | Found Qoatetwam's Magic Scroll Boutique.
   992 | D        | Found Giaguyli's Antique Armour Emporium.
   992 | D        | Found Ejocunwo's Distillery.
   992 | D        | Found Fukhori's Jewellery Shoppe.
   996 | D        | Found Vuteetuk's General Store.
   997 | D        | Found Tumnes's General Store.
   997 | D        | Found Zoguis's Magic Scroll Boutique.
   998 | D        | Found Roba's Assorted Antiques.
  1006 | D        | Bought a scroll of blinking for 105 gold pieces
  1044 | D        | Found a viscous altar of Jiyva.
  1044 | D        | Found a corrupted altar of Lugonu.
  1045 | D        | Found a burning altar of Makhleb.
  1045 | D        | Found a shimmering altar of Xom.
  1063 | D        | Reached skill level 10 in Invocations
  1065 | D        | Reached skill level 16 in Stealth
  1067 | D        | Noticed a demonic crawler
  1067 | D        | Noticed a demonic crawler
  1067 | D        | Noticed a demonic crawler
  1067 | D        | Noticed a demonic crawler
  1069 | D        | Killed a demonic crawler
  1070 | D        | Killed a demonic crawler
  1071 | D        | Reached skill level 17 in Stealth
  1072 | D        | Killed a demonic crawler
  1072 | D        | Reached ****** piety under Dithmenos
  1073 | D        | Killed a demonic crawler
  1074 | D        | Reached XP level 11. HP: 65/65 MP: 21/21
  1134 | D        | Noticed a lindwurm
  1138 | D        | Killed a lindwurm
  1139 | D        | Reached skill level 18 in Stealth
  1339 | D        | Noticed a daeva
  1346 | D        | Reached skill level 19 in Stealth
  1356 | D        | Noticed a fire giant
  1358 | D        | Noticed a fire giant
  1358 | D        | Noticed a fire giant
  1358 | D        | Noticed a fire giant
  1359 | D        | Killed a fire giant
  1362 | D        | Killed a fire giant
  1363 | D        | Reached skill level 20 in Stealth
  1364 | D        | Killed a fire giant
  1366 | D        | Killed a fire giant
  1367 | D        | Reached XP level 12. HP: 61/73 MP: 17/23
  1388 | D        | Found the +4 dragonskin cloak {Aegis}
  1388 | D        | Noticed Tiamat
  1400 | D        | Got the Orb of Zot
  1461 | D        | Escaped with the Orb!

Illustrated notes

Levels and vault maps discovered:
D:        dungeon_sprint_1 [red_sonja_temple_1, red_sonja_temple_small_1]

Skill      XL: |  1  2  3  4  5  6  7  8  9 10 11 |
---------------+----------------------------------+-----
Fighting       | 1 2 4 6 7 8 9 11 13 | 13.0
Short Blades   | 2 4 6 7 9 10 | 10.0
Dodging        | 4 5 7 10 11 12 14 16 19 | 19.4
Spellcasting   | 3 5 6 |  6.0
Hexes          | 5 7 8 |  8.0
Stealth        | 8 10 11 14 17 20 | 20.8
Invocations    | 4 5 6 9 11 13 | 13.7

Action                     |  1- 3 |  4- 6 |  7- 9 | 10-12 || total
---------------------------+-------+-------+-------+-------++-------
  Melee: Dagger            |    12 |     4 |     9 |   109 ||   134
   Cast: Ensorcelled Hiber |     1 |     4 |     5 |    17 ||    27
         Confusing Touch   |       |       |       |     8 ||     8
 Invoke: Shadow Step       |       |       |       |     2 ||     2
    Use: Potion            |     2 |       |     1 |       ||     3
         Scroll            |       |       |       |     2 ||     2
   Stab: Sleeping          |     1 |     4 |     9 |    38 ||    52
         Confused          |       |       |       |     7 ||     7
 Armour: Robe              |     4 |     1 |     4 |     7 ||    16
  Dodge: Dodged            |     4 |       |    11 |    64 ||    79

Table legend: (Time is in decaauts)
 A = Elapsed time spent in this place.
 B = Non-inter-level travel time spent in this place.
 C = Inter-level travel time spent in this place.
 D = Time resting spent in this place.
 E = Time spent auto-exploring this place.
 F = Levels seen in this place.
 G = Mean time per level.
                   A        B        C        D        E       F      G
               +--------+--------+--------+--------+--------+-----+--------+
         Total |   1191 |   1191 |      0 |    623 |      0 |   1 | 1191.0 |
       Dungeon |   1191 |   1191 |      0 |    623 |      0 |   1 | 1191.0 |
               +--------+--------+--------+--------+--------+-----+--------+

Top non-repeatable levels by time:
       D: 1191 daAuts
